 Dungeon Crawl Stone Soup version 0.19-a0-1912-g48530cd (webtiles) character file.

1726 Firecrotchwizard the Archer (level 8, -11/71 HPs)
             Began as a Centaur Hunter on Dec 16, 2016.
             Mangled by an orc warrior
             ... wielding a +4 halberd
              (14 damage)
             ... on level 6 of the Dungeon.
             The game lasted 00:15:36 (6361 turns).

Firecrotchwizard the Archer (Centaur Hunter)        Turns: 6361, Time: 00:15:36

Health: -11/71     AC: 12    Str: 14    XL:     8   Next: 75%
Magic:  8/8        EV:  5    Int: 10    God:
Gold:   334        SH:  0    Dex: 13    Spells: 4/7 levels left

rFire  + . .     SeeInvis .     a - +1 shortbow
rCold  . . .     Faith    +     A - +2 chain mail {rN+}
rNeg   + . .     Spirit   .     (shield currently unavailable)
rPois  .         Reflect  .     h - +0 helmet
rElec  .                        v - +0 cloak
rCorr  +                        (no gloves)
MR     .....                    (no barding)
Stlth  ..........               q - amulet of faith
                                G - ring of protection from fire
                                f - ring of resist corrosion

@: very quick
A: hooves 3, deformed body, speed 2, tough skin 3
a: no special abilities


You were on level 6 of the Dungeon.
You were not hungry.

You visited 1 branch of the dungeon, and saw 6 of its levels.

You collected 334 gold pieces.

Inventory:

Hand Weapons
 a - a +1 shortbow (weapon)
 b - a +0 short sword
 y - the +7 Singing Sword
   (You found it on level 4 of the Dungeon)
 B - the +1 dagger "Cuat Haso" {pain, rF+ rN+++ Int+4 Stlth-, unknown}
   (You found it on level 5 of the Dungeon)

   In the hands of one skilled in necromantic magic, it inflicts extra damage on
   living creatures.
   It affects your intelligence (+4).
   It protects you from fire.
   It renders you almost immune to negative energy.
   It makes you less stealthy.
Missiles
 d - 441 arrows (quivered)
Armour
 c - a +0 leather armour
 h - a +0 helmet (worn)
 m - a +0 chain mail
 v - a +0 cloak (worn)
 A - a +2 chain mail of positive energy (worn)
Jewellery
 f - a ring of resist corrosion (left hand)
 q - an amulet of faith (around neck)
 G - a ring of protection from fire (right hand)
Wands
 o - a wand of digging (11/24)
Scrolls
 e - 6 scrolls of identify {unknown}
 j - a scroll of enchant weapon {unknown}
 k - 2 scrolls of teleportation {unknown}
 p - 2 scrolls of random uselessness {unknown}
 u - 4 scrolls of remove curse {unknown}
 C - a scroll of blinking {unknown}
 D - a scroll of summoning {unknown}
 H - a scroll of enchant armour {unknown}
Potions
 g - 2 potions of flight {unknown}
 i - a potion of invisibility {unknown}
 l - a potion of haste {unknown}
 n - 2 potions of brilliance {unknown}
 s - 6 potions of curing {unknown}
 t - 2 potions of might {unknown}
 w - a potion of berserk rage {unknown}
 x - a potion of resistance {unknown}
 z - a potion of agility {unknown}
 E - a potion of ambrosia {unknown}
 F - a potion of magic {unknown}
Books
 r - a book of Spatial Translocations

   Spells                             Type                      Level
   a - Blink                          Translocation                2
   b - Shroud of Golubria             Charms/Translocation         2
   c - Lesser Beckoning               Translocation                3
   d - Portal Projectile              Translocation                3
   e - Teleport Other                 Translocation                3
   f - Passage of Golubria            Translocation                4


   Skills:
 * Level 6.3 Fighting
 * Level 9.8 Bows
 + Level 2.6 Armour
 + Level 3.6 Dodging
 - Level 0.5 Stealth
 + Level 3.3 Translocations


You had 4 spell levels left.
You knew the following spells:

 Your Spells              Type           Power        Failure   Level  Hunger
a - Portal Projectile     Tloc           #.....       100%        3    ####...


Dungeon Overview and Level Annotations

Branches:
Dungeon (6/15)
 Temple: D:3-6         Lair: D:-1         Crypt: Vaults:-1     Tomb: Vaults:-1

Altars:
Ru

Shops:
D:4 !   D:5 *


Innate Abilities, Weirdness & Mutations

You have hooves in place of feet.
Armour fits poorly on your strangely shaped body.
You cover ground very quickly.
You have extremely tough skin. (AC +3)


Message History

The orc priest is severely wounded.
The orc priest hits you but does no damage.
Firing (i - inventory):
d - 443 arrows (quivered)
Press: ? - help, Shift-Dir - straight line, f/p - orc priest
Aim: an orc priest, wielding a rapier (severely wounded)
You shoot an arrow.
The arrow closely misses the orc priest (0).
The arrow hits the orc warrior but does no damage.
The orc warrior hits you from afar with an enchanted halberd (13)!
* * * LOW HITPOINT WARNING * * *
The orc priest hits you but does no damage.
Firing (i - inventory):
d - 442 arrows (quivered)
Press: ? - help, Shift-Dir - straight line, f/p - orc priest
Aim: an orc priest, wielding a rapier (severely wounded)
You shoot an arrow.
The arrow barely misses the orc priest (0).
The arrow hits the orc warrior (12)!
The orc warrior is moderately wounded.
The orc warrior hits you from afar with an enchanted halberd (14)!
You die...

##.........# #
...#.......# #
##.##....)...# # #..
#........#
####.###........#
................#
###...).........########
....##..#...............
##..#.......>...@###....
.#....##........o.# .
......##........o))......
.........................
.........................
...................#..?.#
.................######.#
.....[.#........## #
##...#...l.<....#


You could see an orc warrior and an orc priest.

Vanquished Creatures
  Edmund (D:4)
  A phantom (D:5)
  2 ogres
  9 scorpions
  2 howler monkeys
  3 crimson imps (D:5)
  4 hounds
  4 orc priests
  Natasha (thrice) (D:2)
  4 orc wizards
  A worker ant (D:5)
  A hound skeleton (D:4)
  A howler monkey zombie (D:5)
  A worker ant zombie (D:5)
  6 gnolls (D:3)
  10 adders
  A shadow imp (D:5)
  2 oozes
  An adder skeleton (D:4)
  4 leopard geckos
  19 orcs
  6 ball pythons
  9 bats
  7 giant cockroaches
  6 goblins
  8 hobgoblins
  A jackal (D:3)
  7 kobolds
  2 quokkas (D:4)
  5 frilled lizards
  A jackal skeleton (D:4)
  7 rats (D:1)
139 creatures vanquished.

Vanquished Creatures (others)
  4 fungi (D:4)
4 creatures vanquished.

Grand Total: 143 creatures vanquished

Notes
Turn   | Place    | Note
-------+----------+-------------------------------------------
     0 | D:1      | Firecrotchwizard the Centaur Hunter began the quest for the Orb.
     0 | D:1      | Reached XP level 1. HP: 17/17 MP: 1/1
    73 | D:1      | Reached XP level 2. HP: 24/24 MP: 2/2
   394 | D:1      | Reached skill level 6 in Bows
   394 | D:1      | Reached XP level 3. HP: 30/30 MP: 3/3
   594 | D:2      | Noticed Natasha
   600 | D:2      | Killed Natasha
   796 | D:2      | Reached XP level 4. HP: 37/37 MP: 4/4
  1019 | D:2      | Noticed Natasha
  1039 | D:2      | Killed Natasha
  1047 | D:2      | Noticed Natasha
  1058 | D:2      | Killed Natasha
  1058 | D:2      | Reached XP level 5. HP: 26/45 MP: 5/5
  1499 | D:2      | Learned a level 3 spell: Portal Projectile
  1726 | D:3      | Reached skill level 7 in Bows
  2915 | D:3      | Reached XP level 6. HP: 52/52 MP: 6/6
  2981 | D:4      | Reached skill level 1 in Translocations
  3186 | D:4      | Reached skill level 1 in Armour
  3270 | D:4      | Found Taf Cap's Distillery.
  3679 | D:4      | Reached XP level 7. HP: 42/59 MP: 7/7
  3682 | D:4      | Reached skill level 8 in Bows
  4187 | D:4      | Noticed Edmund
  4275 | D:4      | Killed Edmund
  4715 | D:4      | Reached skill level 5 in Fighting
  4832 | D:5      | Entered Level 5 of the Dungeon
  5061 | D:5      | Got an ancient dagger
  5064 | D:5      | Found a sacrificial altar of Ru.
  5136 | D:5      | Reached XP level 8. HP: 65/68 MP: 8/8
  5235 | D:5      | Reached skill level 9 in Bows
  5583 | D:5      | Found Lamoqie's Assorted Antiques.
  6360 | D:6      | HP: 3/71 [orc warrior/enchanted halberd (13)]
  6361 | D:6      | Mangled by an orc warrior

Vault maps used:
D:1:      dpeg_arrival_tiny_i, nrook_loot_triangle, wad_floor_pattern_untrapped
D:2:      minmay_splitting_lines, kennysheep_decorative_pillar, uniq_natasha
D:3:      minmay_door_path, first_bread
D:4:      old_forge, serial_shops, kennysheep_mini_moat,
          hangedman_abyss_or_decor_jellyfish_corner, columned_hall_lemuel,
          uniq_edmund
D:5:      lemuel_round_altar, serial_shops, nicolae_shop_window_shopping,
          dk_noncrumbling_4
D:6:      serial_curves, eino_curves_03, eino_curves_01, serial_shops, shop,
          uniq_crazy_yiuf_cottage

Skill      XL: |  1  2  3  4  5  6  7  8 |
---------------+-------------------------+-----
Bows           | 6 7 8 9 |  9.8
Dodging        | 2 3 |  3.6
Fighting       | 3 4 5 6 |  6.3
Translocations | 1 2 3 |  3.3
Armour         | 1 2 |  2.6
Stealth        | |  0.5

Action                   |  1- 3 |  4- 6 |  7- 9 || total
-------------------------+-------+-------+-------++-------
Melee: Double sword      |       |       |    18 ||    18
       Kick              |       |       |     5 ||     5
 Fire: Shortbow          |    78 |   264 |   311 ||   653
Armor: Leather armour    |    10 |       |       ||    10
       Chain mail        |       |    65 |   106 ||   171
Dodge: Dodged            |     6 |    16 |    26 ||    48
